 Dungeon Crawl Stone Soup version 0.22.1 (webtiles) character file.

91 Korosensei the Sneak (level 4, -1/29 HPs)
             Began as an Octopode Assassin on Sept 18, 2018.
             Slain by an adder (3 damage)
             ... on level 2 of the Dungeon.
             The game lasted 00:01:40 (1465 turns).

Korosensei the Sneak (Octopode Assassin)            Turns: 1465, Time: 00:01:41

Health: -1/29      AC:  1    Str: 10    XL:     4   Next: 59%
Magic:  4/4        EV: 15    Int: 13    God:
Gold:   128        SH:  0    Dex: 14    Spells: 3/3 levels left

rFire    . . .     SeeInvis .   a - +2 dagger
rCold    . . .     Gourm    .   (no shield)
rNeg     . . .     Faith    .   (helmet restricted)
rPois    .         Spirit   .   (no amulet)
rElec    .         Reflect  .   (no ring)
rCorr    .         Harm     .   (no ring)
MR       .....                  (no ring)
Stlth    ++++......             (no ring)
HPRegen  0.09/turn              (no ring)
MPRegen  0.09/turn              (no ring)
                                (no ring)
                                (no ring)

@: lethally poisoned (-1 -> -6)
A: almost no armour, stealthy swim, amphibious, 8 rings, constrict 8, camouflage
1, gelatinous body 1
a: no special abilities


You were on level 2 of the Dungeon.
You were near starving.

You visited 1 branch of the dungeon, and saw 2 of its levels.

You collected 128 gold pieces.

Inventory:

Hand Weapons
 a - a +2 dagger (weapon)
 b - a +0 blowgun
Missiles
 c - 8 poisoned needles
 d - 2 curare-tipped needles
Jewellery
 m - an uncursed ring of protection from magic {unknown}
Scrolls
 e - a scroll of enchant weapon {unknown}
 i - 2 scrolls of teleportation {unknown}
 l - a scroll of noise {unknown}
Potions
 g - 2 potions of agility {unknown}
 h - a potion of curing {unknown}
 j - 2 potions of lignification {unknown}
 k - a potion of haste {unknown}
Comestibles
 f - 4 rations


   Skills:
 - Level 2.0 Fighting
 - Level 2.0 Short Blades
 - Level 2.0 Throwing
 + Level 4.2 Dodging
 - Level 5.3 Stealth


You had 3 spell levels left.
You didn't know any spells.
Your spell library was empty.

Dungeon Overview and Level Annotations

Branches:
Dungeon (2/15)

Altars:


Innate Abilities, Weirdness & Mutations

You cannot wear most types of armour.
You are very stealthy in the water. (Stealth+)
You are amphibious.
You can wear up to eight rings at the same time.
You can use your tentacles to constrict eight enemies at once.
Your skin changes colour to match your surroundings (Stealth+).
Your rubbery body absorbs attacks. (AC +1, EV +1)


Message History

You miss the bat. You grab the bat. You squeeze the bat.
You kill the bat!
The adder barely misses you.
You hit the adder. Your grab misses the adder.
The adder is moderately wounded.
You feel sick.
You are no longer poisoned.
The adder barely misses you.
You hit the adder. Your grab misses the adder. Your squeeze misses the adder.
The adder is heavily wounded.
The adder bites you.
* * * LOW HITPOINT WARNING * * *
You are lethally poisoned!
The adder poisons you!
You barely miss the adder. You grab the adder.
The adder is heavily wounded.
You constrict the adder.
* * * LOW HITPOINT WARNING * * *
You feel sick. The adder bites you.
You die...

#≈≈≈..≈.
#####.≈..≈. #
#..##.w≈≈..
###.#.#.#......
#...#.#ls......
#.#)....#####.. #
#.###.### #..
####.####r##...#
#..
#.....@Sls....#.#
##.
#.##.#######.#.##
##. .. ##.## #..
#.# ########.. #
######.....).
#......######
#.####.# #
#.####.# #.##...#
##


You could see an adder, a quokka, a giant cockroach and a frilled lizard.

Vanquished Creatures
  5 adders (D:2)
  3 dart slugs (D:1)
  2 leopard geckos (D:1)
  A ball python (D:1)
  6 bats
  4 giant cockroaches
  5 goblins
  4 hobgoblins
  2 jackals (D:1)
  2 frilled lizards (D:1)
  3 rats
37 creatures vanquished.

Notes
Turn   | Place    | Note
-------+----------+-------------------------------------------
     0 | D:1      | Korosensei the Octopode Assassin began the quest for the
                  | Orb.
     0 | D:1      | Reached XP level 1. HP: 14/14 MP: 1/1
   119 | D:1      | Reached XP level 2. HP: 19/19 MP: 2/2
   637 | D:1      | Reached XP level 3. HP: 24/24 MP: 3/3
  1046 | D:2      | Reached XP level 4. HP: 23/29 MP: 4/4
  1465 | D:2      | Slain by an adder

Skill      XL: |  1  2  3  4 |
---------------+-------------+-----
Dodging        | 2 3 4 |  4.2
Fighting       | |  2.0
Short Blades   | |  2.0
Throwing       | |  2.0
Stealth        | |  5.3

Action                   |  1- 3 |  4- 6 || total
-------------------------+-------+-------++-------
Melee: Dagger            |    49 |    21 ||    70
       Constrict         |    11 |     7 ||    18
       Tentacles         |     6 |     3 ||     9
 Stab: Sleeping          |    13 |     2 ||    15
Armor: Skin              |     2 |     4 ||     6
Dodge: Dodged            |    24 |    43 ||    67
